 Dungeon Crawl Stone Soup version 0.17-a0-1923-gc35365e (webtiles) character file.

64 barthelm the Ruffian (level 4, -2/40 HPs)
             Began as a Ghoul Monk on Sept 28, 2015.
             Slain by a goblin (4 damage)
             ... led by Robin
             ... on level 3 of the Dungeon.
             The game lasted 00:05:34 (1573 turns).

barthelm the Ruffian (Ghoul Monk)                   Turns: 1573, Time: 00:05:34

Health: -2/40      AC:  2    Str: 15    XL:     4   Next: 12%
Magic:  3/3        EV: 13    Int:  5    God:
Gold:   199        SH:  0    Dex: 11    Spells: 0 memorised, 3 levels left

rFire  . . .     SeeInvis .       - Unarmed
rCold  + . .     Clarity  .     a - +0 robe
rNeg   + + +     SustAt   .     (no shield)
rPois  ∞         Gourm    .     (no helmet)
rElec  .         Spirit   .     (no cloak)
rCorr  .         Warding  .     (no gloves)
rMut   .         Stasis   .     (no boots)
MR     .....                    p - amulet of inaccuracy (curse)
Stlth  +++.......               n - ring of stealth
                                d - ring of flight

@: very slightly contaminated, rotting, invisible, not resistant to hostile
enchantments, fairly stealthy
A: rotting body, claws 1, carnivore 3, cold resistance 1, negative energy
resistance 3, slow healing 1, torment resistance, unbreathing
a: Evoke Flight


You were on level 3 of the Dungeon.
You were not hungry.

You visited 1 branch of the dungeon, and saw 3 of its levels.

You collected 199 gold pieces.

Inventory:

Armour
 a - a +0 robe (worn)
Jewellery
 d - a ring of flight (left claw)
 n - a ring of stealth (right claw)
 p - a cursed amulet of inaccuracy (around neck)
Scrolls
 f - a scroll of enchant weapon
 k - a scroll of identify
Potions
 g - a potion of ambrosia {unknown}
 h - a potion of brilliance {unknown}
 i - a potion of heal wounds {unknown}
 l - a potion of mutation {unknown}
 o - a potion of invisibility
Comestibles
 b - a meat ration


   Skills:
 + Level 3.7 Fighting
 + Level 3.2 Dodging
 + Level 3.0 Stealth
 + Level 5.0 Unarmed Combat


You had 3 spell levels left.
You didn't know any spells.

Dungeon Overview and Level Annotations

Branches:
Dungeon (3/15)

Altars:
Kikubaaqudgha
Zin

Annotations:
D:3 Robin


Innate Abilities, Weirdness & Mutations

Your body is rotting away.
You thrive on raw meat.
You are immune to poison.
You have sharp fingernails.
You are carnivorous and can eat meat at any time.
Your flesh is cold resistant.
You are immune to negative energy.
You heal slowly when monsters are visible.
You are immune to unholy pain and torment.
You can survive without breathing.


Message History

The goblin misses you. The kobold barely misses you.
The goblin closely misses you. The orc barely misses you.
The jackal closely misses you.
You closely miss Robin.
Robin is almost dead.
The goblin completely misses you. The goblin misses you. The goblin hits you.
* * * LOW HITPOINT WARNING * * *
The kobold barely misses you. The goblin completely misses you.
The jackal barely misses you. The orc closely misses you.
You catch the helpless goblin completely off-guard!
You scratch the goblin.
The goblin is lightly wounded.
The hobgoblin barely misses you.
An orc priest opens the door.
The goblin closely misses you. The jackal closely misses you.
The goblin hits you with a club.
* * * LOW HITPOINT WARNING * * *
The goblin hits you.
* * * LOW HITPOINT WARNING * * *
The goblin hits you.
You die...

#.........#.........#..#..
#.........#...............
#.........#.........##....
#.........######'#..#.....
#...................#.....
##########.#######..#.....
######'#### #..#.#...
#...ggg...# #..# ...
#..go@gg..# #..#
#...ghK...# #...
#.g.ggg...# #.###
#?.o......# #.
o'.........# ###.........#
..........+ +..........#


You could see Robin (wandering), 2 orc priests, an orc, a jackal, a hobgoblin, 9
goblins and a kobold.

Vanquished Creatures
  An adder (D:2)
  2 oozes
  2 giant geckos (D:1)
  2 giant cockroaches
  7 hobgoblins
  2 jackals (D:3)
  2 ball pythons
  3 bats (D:1)
  3 giant newts
  6 goblins
  6 kobolds
  2 quokkas
  9 rats
47 creatures vanquished.

Notes
Turn   | Place    | Note
--------------------------------------------------------------
     0 | D:1      | barthelm the Ghoul Monk began the quest for the Orb.
     0 | D:1      | Reached XP level 1. HP: 19/19 MP: 0/0
   244 | D:1      | Reached XP level 2. HP: 19/24 MP: 1/1
   542 | D:1      | Reached skill level 5 in Unarmed Combat
   542 | D:1      | Reached XP level 3. HP: 27/31 MP: 2/2
   650 | D:2      | Found a faded altar to an unknown god.
  1094 | D:2      | Found an ancient bone altar of Kikubaaqudgha.
  1437 | D:3      | Reached XP level 4. HP: 26/40 MP: 3/3
  1507 | D:3      | Found a glowing silver altar of Zin.
  1552 | D:3      | Noticed Robin
  1573 | D:3      | HP: 2/40 [goblin[Robin] (1)]
  1573 | D:3      | Slain by a goblin

Vault maps used:
D:1:      tarquinn_simple_flora_water_f, minmay_close_crescents
D:2:      lemuel_round_altar, serial_forest, infiniplex_forest_clump_medium,
          infiniplex_forest_clump_long, infiniplex_forest_join,
          infiniplex_forest_clump_long, infiniplex_forest_lined_corner,
          infiniplex_forest_end_2, ecumenical_altar_2
D:3:      zin_statuary, roderic_bipointed_swastika, minivault_11, uniq_sigmund,
          uniq_robin

Action                   |  1- 3 |  4- 6 || total
-------------------------+-------+-------++-------
Melee: Unarmed           |   103 |    22 ||   125
  Use: Scroll            |       |     6 ||     6
       Potion            |       |     1 ||     1
 Stab: Sleeping          |     7 |       ||     7
       Distracted        |     1 |       ||     1
       Invisible         |       |     1 ||     1
  Eat: Chunk             |    19 |       ||    19
